 Dungeon Crawl Stone Soup version 0.19.0-20-gbc5f0c6 (console) character file.

6653 vogonpoet the Fighter (level 10, -3/105 HPs)
             Began as a Deep Dwarf Earth Elementalist on Nov 17, 2016.
             Was an Initiate of Makhleb.
             Slain by a hill giant
             ... wielding a +0 giant club
              (14 damage)
             ... on level 8 of the Dungeon.
             The game lasted 00:50:20 (10778 turns).

vogonpoet the Fighter (DDEE)                       Turns: 10778, Time: 00:50:21

Health: -3/105     AC:  6    Str: 12    XL:     10   Next: 73%
Magic:  6/17       EV: 12    Int: 19    God:    Makhleb [......]
Gold:   681        SH:  0    Dex: 13    Spells: 3 memorised, 10 levels left

rFire  + + .     SeeInvis .     b - 57 stones
rCold  . . .     Gourm    .     w - +2 robe {MR+}
rNeg   + . .     Faith    .     (no shield)
rPois  +         Spirit   .     (no helmet)
rElec  .         Reflect  .     (no cloak)
rCorr  .         Harm     .     (no gloves)
MR     ++...                    q - +1 pair of boots
Stlth  ++........               (no amulet)
                                C - ring of protection from fire
                                O - ring of Qiocuero {rPois rF+ rN+}

@: very slightly contaminated, non-regenerating
A: damage resistance, recharge devices, sense surroundings 2, slow regeneration
3
a: Device Recharging, Renounce Religion


You were on level 8 of the Dungeon.
You worshipped Makhleb.
Makhleb was noncommittal.
You were not hungry.

You visited 2 branches of the dungeon, and saw 10 of its levels.

You collected 681 gold pieces.

Inventory:

Hand Weapons
 a - a +4 battleaxe
 h - a +2 dagger of venom
 L - a +4 scimitar of flaming
 U - a +0 blowgun
Missiles
 b - 57 stones (in hand)
 y - 17 tomahawks (quivered)
 B - 113 sling bullets
 K - 50 poisoned needles
Armour
 q - a +1 pair of boots (worn)
 w - a +2 robe of magic resistance (worn)
 F - a +0 robe of fire resistance
 X - a +0 leather armour of cold resistance
Magical Staves
 P - an uncursed staff of energy
 Q - an uncursed staff of air
Jewellery
 v - a +3 ring of dexterity
 C - a ring of protection from fire (right hand)
 H - an uncursed ring of resist corrosion
 N - an uncursed ring of ice
 O - the ring of Qiocuero (left hand) {rPois rF+ rN+}
   (You found it on level 7 of the Dungeon)

   [ring of positive energy]

   It protects you from fire.
   It protects you from poison.
   It protects you from negative energy.
Wands
 d - a wand of heal wounds (3/9)
 g - a wand of lightning (6/15)
 s - a wand of teleportation (4/9)
 S - a wand of disintegration (9/24)
 Y - a wand of slowing (22/48)
 Z - a wand of paralysis (14/24)
Scrolls
 j - 4 scrolls of recharging
 k - 3 scrolls of teleportation
 l - 2 scrolls of blinking
 n - 3 scrolls of remove curse
 u - 2 scrolls of enchant armour
 G - 2 scrolls of magic mapping
Potions
 c - 2 potions of resistance {unknown}
 i - a potion of cure mutation
 o - a potion of beneficial mutation {unknown}
 p - 5 potions of magic
 r - 2 potions of might
 t - a potion of cancellation {unknown}
 z - a potion of ambrosia {unknown}
 A - 3 potions of degeneration {unknown}
 D - a potion of flight
 E - 3 potions of curing
 R - 2 potions of heal wounds {unknown}
Books
 e - a book of Geomancy

   Spells                             Type                      Level
   a - Sandblast                      Earth                        1
   b - Passwall                       Transmutation/Earth          2
   c - Stone Arrow                    Conjuration/Earth            3
   d - Petrify                        Transmutation/Earth          4
   e - Lee's Rapid Deconstruction     Earth                        5
Comestibles
 f - 8 bread rations
 m - 7 beef jerkies
 x - 4 chunks of flesh
 M - 3 meat rations
 T - 3 fruits
 V - 7 slices of pizza


   Skills:
 + Level 11.6 Fighting
 - Level 2.1 Dodging
 - Level 2.4 Stealth
 - Level 5.0 Spellcasting
 - Level 4.0 Conjurations
   Level 0.8 Transmutations
 - Level 10.0 Earth Magic


You had 10 spell levels left.
You knew the following spells:

 Your Spells              Type           Power        Failure   Level  Hunger
a - Sandblast             Erth           #####.       1%          1    None
c - Stone Arrow           Conj/Erth      ####..       1%          3    ##.....
d - Lee's Rapid Deconstr  Erth           #####.....   8%          5    ######.


Dungeon Overview and Level Annotations

Branches:
Dungeon (9/15)             Temple (1/1) D:7
   Lair: D:8-11         Orc: D:9-12

Altars:
Ashenzari
Cheibriados
Dithmenos
Elyvilon
Fedhas
Gozag
Hepliaklqana
Kikubaaqudgha
Makhleb
Nemelex Xobeh
Okawaru
Qazlal
Ru
Sif Muna
Trog
Uskayaw
Vehumet
Xom
Yredelemnul
Zin
The Shining One

Annotations:
D:4 heintsi's ghost, amateur GrBe
D:8 Gastronok


Innate Abilities, Weirdness & Mutations

You are resistant to damage.
You can recharge devices by infusing magical energy.
You passively map the area around you.
You do not regenerate.


Message History

There is a stone staircase leading down here.
Casting: Stone Arrow
Confirm with . or Enter, or press ? or * to list all spells.
Aiming: Sandblast
Press: ? - help, Shift-Dir - straight line, f - hill giant
Aim: a hill giant, wielding a giant club (heavily wounded)
The rocky blast hits the hill giant.
The hill giant is severely wounded.
The hill giant hits you with a giant club!
* * * LOW HITPOINT WARNING * * *
Casting: Sandblast
Confirm with . or Enter, or press ? or * to list all spells.
Aiming: Sandblast
Press: ? - help, Shift-Dir - straight line, f/p - hill giant
Aim: a hill giant, wielding a giant club (severely wounded)
You miscast Sandblast.
You are very lightly contaminated with residual magic.
You are showered with tiny particles of grit.
The hill giant hits you with a giant club!
You die...

.###..#....#
..##.......#
..###.#....# ..#
#.#..[<# .##
#..#)### ##
##..)..# #
####..######## #
#........C.# #
#........@.# #
#.)........# #
###..........#
######............#
..................#
#####.............#
#####.##..........#
......##..........#
##....##..........#


You could see a hill giant.

Vanquished Creatures
  Erica (D:8)
  Pikel (D:6)
  The ghost of M4edhros the Insei, a novice OpMo of Fedhas (D:7)
  A yak (D:8)
  A human (D:7)
  4 hogs (D:7)
  Grum (D:8)
  A hornet zombie (D:7)
  2 black bears
  2 necrophages (D:8)
  2 orc warriors (D:8)
  2 slaves (D:6)
  3 wolves
  7 ogres
  2 phantoms (D:8)
  4 centaurs
  4 big kobolds
  4 bullfrogs
  A scorpion (D:6)
  5 wights (D:8)
  3 howler monkeys
  3 crimson imps
  2 quasits (D:6)
  3 hounds
  A jelly (D:6)
  A bullfrog skeleton (D:7)
  7 orc priests
  2 centaur skeletons
  10 orc wizards
  2 iguanas (D:8)
  Jessica (D:2)
  4 worker ants
  A hound zombie (D:5)
  3 hound skeletons
  A mummy (D:8)
  7 gnolls
  8 adders
  An adder skeleton (D:8)
  3 worms
  A dart slug (D:4)
  4 leopard geckos
  43 orcs
  A ball python (D:3)
  9 giant cockroaches
  9 goblins
  14 hobgoblins
  11 jackals
  6 quokkas
  10 bats
  7 frilled lizards
  37 kobolds
  2 kobold zombies (D:8)
  A leopard gecko skeleton (D:5)
  2 orc zombies (D:8)
  7 rats
276 creatures vanquished.

Vanquished Creatures (others)
  A worm (D:6)
  3 jackals (D:6)
4 creatures vanquished.

Grand Total: 280 creatures vanquished

Notes
Turn   | Place    | Note
-------+----------+-------------------------------------------
     0 | D:1      | vogonpoet the Deep Dwarf Earth Elementalist began the quest for the Orb.
     0 | D:1      | Reached XP level 1. HP: 15/15 MP: 3/3
   360 | D:1      | Reached XP level 2. HP: 14/22 MP: 0/4
   737 | D:1      | Reached skill level 5 in Earth Magic
  1147 | D:2      | Reached XP level 3. HP: 12/28 MP: 5/5
  1177 | D:2      | Learned a level 3 spell: Stone Arrow
  1304 | D:2      | Found a basalt altar of Yredelemnul.
  1572 | D:2      | Noticed Jessica
  1579 | D:2      | Killed Jessica
  1579 | D:2      | Reached XP level 4. HP: 36/36 MP: 4/7
  2878 | D:3      | Reached XP level 5. HP: 30/42 MP: 1/9
  2887 | D:3      | Learned a level 5 spell: Lee's Rapid Deconstruction
  3564 | D:3      | Reached XP level 6. HP: 35/49 MP: 2/11
  3956 | D:4      | Noticed heintsi's ghost (amateur GrBe)
  4179 | D:4      | Reached XP level 7. HP: 16/55 MP: 10/13
  4301 | D:4      | HP: 2/55 [heintsi's ghost (9)]
  4438 | D:4      | Found a shimmering altar of Xom.
  4440 | D:4      | Found a hide-covered altar of Uskayaw.
  4440 | D:4      | Found a basalt altar of Yredelemnul.
  4443 | D:4      | Found a stormy altar of Qazlal.
  4443 | D:4      | Found an ancient bone altar of Kikubaaqudgha.
  4443 | D:4      | Found a blossoming altar of Fedhas.
  4764 | D:4      | Reached skill level 5 in Spellcasting
  4927 | D:5      | Entered Level 5 of the Dungeon
  5163 | D:5      | Reached skill level 10 in Earth Magic
  5210 | D:5      | Found an opulent altar of Gozag.
  5310 | D:5      | Reached skill level 1 in Fighting
  5387 | D:5      | Reached XP level 8. HP: 46/64 MP: 12/15
  5390 | D:5      | Reached skill level 2 in Fighting
  5478 | D:5      | Reached skill level 1 in Conjurations
  5597 | D:5      | Reached skill level 3 in Fighting
  6294 | D:6      | Reached skill level 4 in Fighting
  6738 | D:6      | Noticed Pikel
  6741 | D:6      | Killed Pikel
  6741 | D:6      | Reached skill level 5 in Fighting
  6741 | D:6      | Gained mutation: You passively map the area around you. [Deep Dwarf growth]
  6741 | D:6      | Reached XP level 9. HP: 50/82 MP: 0/16
  7043 | D:6      | Reached skill level 6 in Fighting
  7620 | D:7      | Noticed M4edhros's ghost (novice OpMo)
  7642 | D:7      | Got a steaming ivory ring
  7645 | D:7      | Identified the ring of Qiocuero {rPois rF+ rN+} (You found it on level 7 of the Dungeon)
  7663 | D:7      | Reached skill level 7 in Fighting
  7739 | D:7      | Reached skill level 8 in Fighting
  7832 | D:7      | Killed M4edhros's ghost
  7875 | D:7      | Found a shadowy altar of Dithmenos.
  7953 | D:7      | Found a stormy altar of Qazlal.
  8148 | D:7      | Reached skill level 9 in Fighting
  8310 | D:7      | Found a staircase to the Ecumenical Temple.
  8320 | Temple   | Entered the Ecumenical Temple
  8722 | D:4      | Found a glowing silver altar of Zin.
  8960 | D:8      | Noticed Grum
  8986 | D:7      | Reached XP level 10. HP: 68/99 MP: 7/17
  9031 | D:8      | Noticed Erica
  9036 | D:8      | Killed Erica
  9036 | D:8      | Reached skill level 10 in Fighting
  9390 | D:8      | Killed Grum
  9600 | D:8      | Found a blossoming altar of Fedhas.
  9666 | D:8      | Noticed Gastronok
 10009 | D:8      | Reached skill level 11 in Fighting
 10045 | D:8      | Found a burning altar of Makhleb.
 10054 | D:8      | Became a worshipper of Makhleb the Destroyer
 10208 | D:8      | Identified a scroll of acquirement
 10762 | D:9      | Noticed a centaur warrior
 10762 | D:9      | Noticed a hill giant
 10778 | D:8      | Slain by a hill giant

Skill      XL: |  1  2  3  4  5  6  7  8  9 10 |
---------------+-------------------------------+-----
Earth Magic    | 5 6 7 8 10 | 10.0
Spellcasting   | 2 3 4 5 |  5.0
Fighting       | 1 5 9 11 | 11.6
Conjurations   | 3 4 |  4.0
Dodging        | |  2.1
Stealth        | |  2.4
Transmutations | |  0.8

Action                   |  1- 3 |  4- 6 |  7- 9 | 10-12 || total
-------------------------+-------+-------+-------+-------++-------
Melee: Hand axe          |    40 |     5 |       |       ||    45
       Unarmed           |     1 |       |       |       ||     1
       Dagger            |     9 |    12 |     6 |       ||    27
Throw: Tomahawk          |       |    17 |     8 |     3 ||    28
 Cast: Sandblast         |    35 |    68 |    92 |    56 ||   251
       Stone Arrow       |     2 |    27 |    67 |    34 ||   130
       Lee's Rapid Decon |       |       |    19 |    10 ||    29
Evoke: Wand              |     1 |       |     4 |     1 ||     6
  Use: Scroll            |     2 |     3 |     9 |     4 ||    18
       Potion            |       |     2 |     1 |     1 ||     4
 Stab: Sleeping          |     2 |     1 |     2 |       ||     5
  Eat: Chunk             |     3 |    11 |    24 |    11 ||    49
Armor: Robe              |    18 |    10 |    16 |     6 ||    50
       Leather armour    |     9 |       |       |       ||     9
Dodge: Dodged            |    55 |    44 |    36 |    21 ||   156
